 Dungeon Crawl Stone Soup version 0.27-a0-203-gd48b2df3c9 (webtiles) character file.

Game seed: 1016121170477572469

161 sanka the Chopper (level 5, -1/45 HPs)
             Began as a Ghoul Monk on Jan 30, 2021.
             Slain by an adder (3 damage)
             ... on level 3 of the Dungeon.
             The game lasted 00:03:53 (3209 turns).

sanka the Chopper (Ghoul Monk)                      Turns: 3209, Time: 00:03:53

Health: -1/45      AC: 11    Str: 16    XL:     5   Next: 42%
Magic:  4/4        EV:  5    Int:  5    God:
Gold:   71         SH:  0    Dex: 11    Spells: 4/4 levels left

rFire    . . .     SeeInvis .   a - +0 hand axe
rCold    + . .     Faith    +   (no shield)
rNeg     + + +     Spirit   .   t - +0 plate armour
rPois    ∞         Reflect  .   (no helmet)
rElec    .         Harm     .   (no cloak)
rCorr    .         Rampage  .   e - +0 pair of gloves
Will     .....                  (no boots)
Stlth    ..........             x - amulet of faith
HPRegen  0.00/turn              (no ring)
MPRegen  0.09/turn              m - ring of attention (curse)

@: no status effects
A: claws 1, cold resistance 1, negative energy resistance 3, inhibited
regeneration, torment resistance, unbreathing
a: no special abilities


You were on level 3 of the Dungeon.
You visited 1 branch of the dungeon, and saw 3 of its levels.

You collected 71 gold pieces.


Innate Abilities, Weirdness & Mutations

You thrive by killing the living.
You are immune to poison.
You have sharp fingernails.
Your flesh is cold resistant. (rC+)
You are immune to negative energy. (rN+++)
You do not regenerate when monsters are visible.
You are immune to unholy pain and torment.
You can survive without breathing.


   Skills:
 - Level 3.2 Fighting
 + Level 4.2(4.7) Axes
 + Level 3.0(4.1) Maces & Flails
 - Level 2.6 Dodging
 - Level 2.1 Stealth


You had 4 spell levels left.
You didn't know any spells.
Your spell library contained the following spells:

 Spells                   Type           Power        Failure   Level
 Animate Skeleton         Necr           0%           100%        1
 Apportation              Tloc           0%           100%        1
 Corona                   Hex            0%           100%        1
 Summon Small Mammal      Summ           0%           100%        1

Inventory:

Hand Weapons
 a - a +0 hand axe (weapon)
Missiles
 o - a throwing net {=f}
Armour
 e - a +0 pair of gloves (worn)
 n - a +0 ring mail
 t - a +0 plate armour (worn)
Jewellery
 m - a cursed ring of attention (right hand)
 x - an amulet of faith (around neck)
Scrolls
 c - a scroll of immolation {unknown}
 f - 4 scrolls of identify {unknown}
 g - 3 scrolls of remove curse {unknown}
 h - 6 scrolls of teleportation {unknown}
 i - a scroll of amnesia {unknown}
 k - 2 scrolls of fear {unknown}
 l - a scroll of random uselessness {unknown}
 q - a scroll of noise {unknown}
 r - 2 scrolls of enchant armour {unknown}
 v - a scroll of blinking {unknown}
 w - a scroll of enchant weapon {unknown}
Potions
 b - 2 potions of degeneration {unknown}
 d - a potion of brilliance
 j - 2 potions of heal wounds {unknown}
 p - a potion of attraction {unknown}
 s - a potion of lignification {unknown}
 u - a potion of might {unknown}
 z - a potion of mutation {unknown}

Dungeon Overview and Level Annotations

Branches:
Dungeon (3/15)

Altars:
Gozag
Hepliaklqana

Annotations:
D:2 1 runed translucent door, Crazy Yiuf

▒▒▒≈▒...▒ ≈≈▒≈≈≈..▒ .▒
▒▒≈▒≈▒≈.£▒ ▒.▒ ≈w▒≈≈≈≈.▒▒▒▒▒.
▒.▒ ▒r▒≈▒w........ ▒.▒ ▒.
▒≈▒r▒≈..▒▒▒▒▒ ▒▒.▒▒▒ ▒.
▒≈≈≈▒†..▒ ▒...... ▒.
▒▒▒▒▒▒▒▒▒▒..r▒▒▒▒▒.▒▒..▒ ▒. ▒.
▒......).....Sn....▒▒..▒▒▒.▒▒▒.
▒▒<.▒▒▒▒▒..▒▒.........††.....▒▒.
▒.....▒ ▒..▒▒.▒▒▒▒▒▒▒▒▒.▒▒.▒....
▒.▒▒▒.▒ ▒..▒▒£▒▒▒▒▒▒▒▒▒...▒▒▒†..
▒. ▒.▒ ▒....)...........▒.▒.).▒
▒.▒▒▒.▒ ▒▒.▒▒.▒▒▒▒▒▒▒.▒.▒.▒...▒▒
▒.....▒ ▒.▒▒.▒▒ ▒▒▒.▒▒.▒.......
▒▒..▒▒▒▒▒▒.▒...▒▒▒..............
▒..▒ ▒.........†...............


You could see an adder and a river rat.


Message History

The adder bites you but does no damage.
Unknown command.
You miss the adder.
The adder is almost dead.
You hit the river rat but do no damage. The adder bites you but does no damage.
The river rat completely misses you.
Unknown command.
You closely miss the adder.
The adder is almost dead.
You hit the river rat. The adder barely misses you.
The river rat bites you but does no damage.
Unknown command.
You closely miss the adder.
The adder is almost dead.
You hit the river rat. The adder bites you but does no damage.
The river rat bites you.
* * * LOW HITPOINT WARNING * * *
The adder bites you but does no damage.
You miss the adder.
The adder is almost dead.
You closely miss the river rat. The river rat bites you!
* * * LOW HITPOINT WARNING * * *
The adder bites you but does no damage. The adder bites you but does no damage.
The adder bites you.
You die...

Action                   |  1- 3 |  4- 6 || total
-------------------------+-------+-------++-------
Melee: Hand axe          |   120 |   207 ||   327
  Use: Potion            |     2 |       ||     2
 Stab: Sleeping          |     2 |       ||     2
Armor: Robe              |    18 |       ||    18
       Ring mail         |    10 |    41 ||    51
       Plate armour      |       |   119 ||   119
Dodge: Dodged            |    69 |   110 ||   179

Levels and vault maps discovered:
D:1:      dpeg_arrival_more_subterranean_lakeside_camping, layout_loops_ring,
          chequers_arboretum, minmay_ruptured
D:2:      layout_basic, grunt_temple_overflow_open, uniq_crazy_yiuf_cottage,
          uniq_terence
D:3:      layout_loops_ring, nicolae_overflow_crystal_walls,
          lightli_sewer_entry_pipes, gammafunk_ghost_nasty_kobolds

Notes
Turn   | Place    | Note
-------+----------+-------------------------------------------
     0 | D:1      | sanka the Ghoul Monk began the quest for the Orb.
     0 | D:1      | Reached XP level 1. HP: 19/19 MP: 0/0
   215 | D:1      | Reached XP level 2. HP: 21/26 MP: 1/1
   249 | D:1      | Reached skill level 3 in Axes
   289 | D:1      | Reached skill level 1 in Maces & Flails
   810 | D:1      | Reached XP level 3. HP: 27/31 MP: 2/2
  1215 | D:2      | Noticed Terence
  1270 | D:2      | HP: 3/31 [Terence/+1 flail of protection (1)]
  1278 | D:2      | Killed Terence
  1279 | D:2      | Reached skill level 2 in Maces & Flails
  1589 | D:2      | Reached XP level 4. HP: 38/38 MP: 3/3
  1959 | D:2      | Found an opulent altar of Gozag.
  1981 | D:2      | Found a hazy altar of Hepliaklqana.
  2616 | D:2      | Found a runed translucent door.
  2617 | D:2      | Noticed Crazy Yiuf
  3085 | D:3      | Reached skill level 4 in Axes
  3085 | D:3      | Reached XP level 5. HP: 42/45 MP: 4/4
  3174 | D:3      | Reached skill level 3 in Maces & Flails
  3205 | D:3      | HP: 2/45 [river rat (7)]
  3209 | D:3      | Slain by an adder

Vanquished Creatures
  Terence (D:2)
  5 adders
  A river rat (D:3)
  A worm (D:2)
  A dart slug (D:1)
  3 leopard geckos
  An orc (D:3)
  2 giant cockroaches
  10 goblins
  10 hobgoblins
  7 jackals (D:2)
  7 kobolds
  4 quokkas
  A ball python (D:2)
  8 bats
  3 frilled lizards
  2 rats (D:1)
67 creatures vanquished.
